 Dungeon Sprint DCSS version 0.31-a0-986-g5e6e4ef867 (webtiles) character file.

Game seed: 1797187377729073434

553998 BigDaddyOpFi the End of an Era (level 21, 224/224 HPs)
             Began as a Hill Orc Fighter on Nov 15, 2023.
             Was the Champion of Qazlal.
             Escaped with the Orb!
             The game lasted 00:24:30 (13495 turns).

BigDaddyOpFi the End of an Era (Hill Orc Fighter)  Turns: 13495, Time: 00:24:30

Health: 224/224    AC: 50    Str: 33    XL:     21   Next: 68%
Magic:  46/46      EV: 21    Int:  8    God:    Qazlal [******]
Gold:   0          SH: 44    Dex: 14    Spells: 74/74 levels left

rFire   + . .        C - +16 obsidian axe {drain, demonic, Mesm Drain Fly SInv}
rCold   . . .        E - +18 shield of the Gong {Loud rN+ Will+ rCorr EV-5}
rNeg    + + .        D - +15 Maxwell's patent armour {-Cast -Tele rElec Will+ rCorr}
rPois   .            A - +0 mask of the Dragon {Will+ Slay+3 SInv}
rElec   +            a - +2 cloak {Will+}
rCorr   +            T - +3 pair of gauntlets of War {Slay+5}
SInv    +            Y - +2 pair of boots {Fly}
Will    +++++        F - macabre finger necklace {Finger+ rN+}
Stlth   +            b - ring "Sahat" {rF+ Dex+7 Slay+4}
HPRegen 0.57/turn    v - ring "Xuclakh" {rElec EV+5 Str+3 Dex-3 SInv}
MPRegen 0.30/turn    X - +4 ring of slaying

%: no teleportation, no spellcasting, repel missiles
@: flying, studying 2 skills
A: low MP 1
0: Orb of Zot
a: Renounce Religion, Upheaval, Elemental Force, Disaster Area


You escaped.
You worshipped Qazlal.
Qazlal was exalted by your worship.
You visited 1 branch

Inventory:

Hand Weapons
 C - the +16 obsidian axe (weapon) {drain, demonic, Mesm Drain Fly SInv}
   (You found it in the Dungeon)

   Mesm:      Its wielder is mesmerised by any visible foes, and it cannot be
   unequipped while any foes are visible.
   SInv:      It lets you see invisible.
   Fly:       It grants you flight.
   Drain:     It drains your maximum health when unequipped.
Armour
 a - a +2 cloak of willpower (worn)
 A - the +0 mask of the Dragon (worn) {Will+ Slay+3 SInv}
   (You found it in the Dungeon)

   Slay+3:    It affects your accuracy & damage with ranged weapons and melee
   (+3).
   Will+:     It increases your willpower.
   SInv:      It lets you see invisible.
 D - the +15 Maxwell's patent armour (worn) {-Cast -Tele rElec Will+ rCorr}
   (You found it in the Dungeon)

   rElec:     It insulates you from electricity.
   Will+:     It increases your willpower.
   -Cast:     It prevents spellcasting.
   -Tele:     It prevents most forms of teleportation.
   rCorr:     It protects you from acid and corrosion.
 E - the +18 shield of the Gong (worn) {Loud rN+ Will+ rCorr EV-5}
   (You found it in the Dungeon)

   Loud:      It is deafeningly noisy when blocking attacks.
   EV-5:      It affects your evasion (-5).
   rN+:       It protects you from negative energy.
   Will+:     It increases your willpower.
   rCorr:     It protects you from acid and corrosion.
 T - the +3 pair of gauntlets of War (worn) {Slay+5}
   (You found it in the Dungeon)

   Slay+5:    It affects your accuracy & damage with ranged weapons and melee
   (+5).
 Y - a +2 pair of boots of flying (worn)
Jewellery
 b - the ring "Sahat" (left hand) {rF+ Dex+7 Slay+4}
   (You took it off a red draconian in the Dungeon)

   [ring of slaying]

   Dex+7:     It affects your dexterity (+7).
   Slay+4:    It affects your accuracy & damage with ranged weapons and melee
   (+4).
   rF+:       It protects you from fire.
 n - an amulet of the acrobat
 v - the ring "Xuclakh" (right hand) {rElec EV+5 Str+3 Dex-3 SInv}
   (You took it off a yaktaur in the Dungeon)

   [ring of evasion]

   EV+5:      It affects your evasion (+5).
   Str+3:     It affects your strength (+3).
   Dex-3:     It affects your dexterity (-3).
   rElec:     It insulates you from electricity.
   SInv:      It lets you see invisible.
 w - a ring of ice
 x - an amulet of guardian spirit
 y - a ring of magical power
 z - the ring of Teacem {Int+6 Stlth+}
   (You found it in the Dungeon)

   [ring of intelligence]

   Int+6:     It affects your intelligence (+6).
   Stlth+:    It makes you more stealthy.
 B - a +6 ring of dexterity
 F - the macabre finger necklace (around neck) {Finger+ rN+}
   (You found it in the Dungeon)

   [amulet of nothing]

   Finger+:   It enables you to equip an extra ring.
   rN+:       It protects you from negative energy.
 H - a +5 ring of evasion
 J - an amulet of reflection
 K - an amulet of magic regeneration
 L - a +5 ring of evasion
 N - a +6 ring of intelligence
 O - the ring "Usystaeg" {Fire rElec Int+3 Dex-5}
   (You found it in the Dungeon)

   [ring of fire]

   Fire:      It enhances your fire magic.
   Int+3:     It affects your intelligence (+3).
   Dex-5:     It affects your dexterity (-5).
   rF+:       It protects you from fire.
   rC-:       It makes you vulnerable to cold.
   rElec:     It insulates you from electricity.
 X - a +4 ring of slaying (on amulet)
 Z - a ring of fire
Wands
 s - a wand of mindburst (9)
 t - a wand of iceblast (30)
 u - a wand of quicksilver (22)
 G - a wand of paralysis (19)
 I - a wand of flame (58)
 M - a wand of digging (12)
 R - a wand of polymorph (12)
Scrolls
 c - 2 scrolls of enchant armour
 j - 4 scrolls of blinking
 o - 4 scrolls of amnesia
 p - 7 scrolls of fog
 q - 5 scrolls of identify
 r - 2 scrolls of fear
 V - 5 scrolls of brand weapon
Potions
 d - 7 potions of might
 e - 8 potions of curing
 f - 10 potions of heal wounds
 g - 6 potions of haste
 h - 7 potions of magic
 i - 3 potions of berserk rage
 k - 2 potions of brilliance
 l - 2 potions of invisibility
 m - 4 potions of resistance


   Skills:
 O Level 27 Fighting
 O Level 27 Axes
 * Level 12.2 Throwing
 O Level 27 Armour
 O Level 27 Dodging
 O Level 27 Stealth
 O Level 27 Shields
 O Level 27 Spellcasting
 O Level 27 Invocations
 O Level 27 Evocations


You had 74 spell levels left.
You didn't know any spells.
Your spell library contained the following spells:

 Spells                   Type           Power      Damage    Failure   Level
 Apportation              Tloc           20%        N/A       7%          1
 Magic Dart               Conj           40%        1d5       7%          1
 Sting                    Tmut/Pois      40%        1d5       7%          1
 Call Imp                 Summ           20%        N/A       11%         2
 Cigotuvi's Dreadful Rot  Necr/Pois/Air  20%        N/A       11%         2
 Jinxbite                 Hex            20%        N/A       11%         2
 Passwall                 Tmut/Erth      8%         N/A       11%         2
 Poisonous Vapours        Pois/Air       20%        N/A       11%         2
 Sublimation of Blood     Necr           10%        N/A       11%         2
 Wereblood                Tmut           10%        N/A       11%         2
 Call Canine Familiar     Summ           10%        N/A       21%         3
 Mephitic Cloud           Conj/Pois/Air  10%        N/A       21%         3
 Sigil of Binding         Hex            10%        N/A       21%         3
 Tukima's Dance           Hex            10%        N/A       21%         3
 Animate Armour           Summ/Erth      20%        N/A       56%         4
 Dimensional Bullseye     Hex/Tloc       5%         N/A       56%         4
 Flame Wave               Conj/Fire      10%        2d6       56%         4
 Leda's Liquefaction      Hex/Erth       5%         N/A       56%         4
 Olgreb's Toxic Radiance  Pois           10%        N/A       56%         4
 Passage of Golubria      Tloc           10%        N/A       56%         4
 Petrify                  Tmut/Erth      10%        N/A       56%         4
 Summon Ice Beast         Ice/Summ       10%        N/A       56%         4
 Summon Lightning Spire   Summ/Air       10%        N/A       56%         4
 Alistair's Intoxication  Tmut/Pois      6%         N/A       88%         5
 Borgnjor's Vile Clutch   Necr/Erth      5%         N/A       88%         5
 Irradiate                Conj/Tmut      5%         3d13      88%         5
 Iskenderun's Battlesphe  Conj           10%        2d6       88%         5
 Lee's Rapid Deconstruct  Erth           5%         3d6*      88%         5
 Summon Mana Viper        Hex/Summ       10%        N/A       88%         5
 Yara's Violent Unravell  Hex/Tmut       5%         3d4       88%         5
 Eringya's Noxious Bog    Tmut/Pois      5%         4d6       100%        6
 Starburst                Conj/Fire      5%         6d4       100%        6
 Summon Cactus Giant      Summ           5%         N/A       100%        6
 Haunt                    Necr/Summ      5%         N/A       100%        7
 Summon Hydra             Summ           5%         N/A       100%        7
 Lehudib's Crystal Spear  Conj/Erth      5%         10d3      100%        8


Dungeon Overview and Level Annotations

Branches:
Dungeon (1/1)

Altars:
Ashenzari
Cheibriados
Dithmenos
Elyvilon
Fedhas
Gozag
Hepliaklqana
Kikubaaqudgha
Makhleb
Nemelex Xobeh
Okawaru
Qazlal
Ru
Sif Muna
Trog
Uskayaw
Vehumet
Wu Jian
Xom
Yredelemnul
Zin
The Shining One
Beogh
Jiyva
Lugonu


Innate Abilities, Weirdness & Mutations

Your magical capacity is low. (-10% MP)


Message History

You slice the blizzard demon!!
You are no longer entranced.
You kill the blizzard demon!
Qazlal accepts your kill.
Visions of slaying the demonspawn blood saint flood into your mind.
Your sixfirhy is engulfed in blazing flames.
Your Throwing skill increases to level 11!
The demonspawn blood saint misses you.
You slash the demonspawn blood saint! You drain the demonspawn blood saint.
The demonspawn blood saint is moderately wounded.
You block the demonspawn blood saint's attack.
GONNNNG!
You slash the demonspawn blood saint! You drain the demonspawn blood saint.
The demonspawn blood saint is moderately wounded.
Your sixfirhy hits the demonspawn blood saint but does no damage.
You slice the demonspawn blood saint!!
The demonspawn blood saint is severely wounded.
Your sixfirhy barely misses the demonspawn blood saint.
Your sixfirhy hits the demonspawn blood saint but does no damage.
The demonspawn blood saint is engulfed in a thunderstorm.
The demonspawn blood saint conjures a destructive force in the name of Makhleb!
The ghostly flame explodes!
The ghostly fireball engulfs your sixfirhy.
Your sixfirhy completely resists.
The ghostly fireball engulfs you. You partially resist.
You feel drained.
The ghostly fireball engulfs the demonspawn blood saint!!
The demonspawn blood saint is drained!
You break out of your daze!
The demonspawn blood saint dies!
Your life force feels restored.
You have finished your manual of Throwing and skilfully toss it away.
Your Throwing skill increases to level 12!
Items here: ))))) [[[ ÷ †.
There is a staircase leading out of the dungeon here.
Welcome back, BigDaddyOpFi the Hill Orc Fighter. [Dungeon Sprint] Qazlal says: Let the forces of nature tear it all down!
Press ? for a list of commands and other information.
You can't go down here!
Unknown command.
You have escaped!

....†.......▓..▓.......▓..▓..†8©8
††((........▓.▓▓▓.....▓▓▓.▓..[..)
...†........▓..▓.......▓..▓.|.)))
............▓.........≈≈..▓...)†.
............▓......©...≈≈.▓......
............▓▓▓▓▓▓▓▓▓▓▓▓▓▓▓......
▓.......▓...▓8888888888888▓......
▓▓.....▓▓▓..▓8.○.☼.).....8▓......
▓......≈▓...▓8..@°3.[)©[.8▓.▓....
.≈≈≈≈.≈≈....▓8)..§)[÷....8▓....©.
≈≈.≈©≈≈≈....▓8888888888888▓▓▓▓▓▓▓
▓▓▓▓▓▓▓▓▓▓▓▓▓▓▓▓▓▓▓▓▓▓▓▓▓▓▓▓▓▓▓▓▓
[....8©8......÷.▓......=÷8©8.../.
.[/|...[.|=).%."▓..=...).)[:/..[[
.="|[)|[:)./..=.▓[......)..[...[.
./.:[..[........▓.....[.../..|.|)
...........=....▓..:.......).....


You could see a friendly sixfirhy (summoned).

Vanquished Creatures
  A dread lich (D)
  2 ancient liches (D)
  A juggernaut (shapeshifter) (D)
  A shard shrike (shapeshifter) (D)
  A caustic shrike (shapeshifter) (D)
  3 golden dragons (D)
  2 golden dragons (shapeshifter) (D)
  9 pandemonium lords (D)
  4 Tzitzimimeh (D)
  2 doom hounds (D)
  9 electric golems (D)
  12 hellephants (D)
  2 tainted leviathans (D)
  An Ice Fiend (D)
  7 Brimstone Fiends (D)
  2 Hell Sentinels (D)
  20 Orb Guardians (D)
  8 liches (D)
  3 titans (shapeshifter) (D)
  3 quicksilver dragons (D)
  9 titans (D)
  A quicksilver dragon (shapeshifter) (D)
  17 searing wretches (D)
  An acid blob (D)
  An acid blob (shapeshifter) (D)
  3 Executioners (D)
  A shadow dragon (shapeshifter) (D)
  10 shadow dragons (D)
  A draconian monk (D)
  10 storm dragons (D)
  A nagaraja (D)
  2 rockslimes (D)
  2 rockslimes (shapeshifter) (D)
  A demonspawn warmonger (D)
  A frost giant (D)
  2 azure jellies (D)
  2 draconian scorchers (D)
  5 iron dragons (D)
  4 ghouls (D)
  2 draconian shifters (D)
  15 balrugs (D)
  4 orc warlords (D)
  2 reapers (D)
  4 cacodemons (D)
  A demonspawn corrupter (D)
  A demonspawn blood saint (D)
  A stone giant (shapeshifter) (D)
  A quicksilver ooze (D)
  2 broodmothers (D)
  5 stone giants (D)
  4 green draconians (D)
  2 lorocyprocas (D)
  3 black draconians (D)
  2 red draconians (D)
  2 vampire knights (D)
  2 putrid mouths (D)
  6 purple draconians (D)
  A yellow draconian (D)
  4 white draconians (D)
  5 blizzard demons (D)
  2 green deaths (D)
  5 fire dragons (D)
  2 merfolk impalers (D)
  A mummy priest (D)
  An entropy weaver (shapeshifter) (D)
  2 yaktaur captains (D)
  A great orb of eyes (D)
  An ice dragon (shapeshifter) (D)
  A salamander tyrant (D)
  11 vault guards (D)
  4 ice dragons (D)
  A hell beast (D)
  5 hydras (D)
  A catoblepas (D)
  5 spriggan air magi (D)
  3 radroaches (D)
  3 stokers (D)
  A jorogumo (shapeshifter) (D)
  A radroach (shapeshifter) (D)
  2 merfolk aquamancers (D)
  A boulder beetle (D)
  2 dancing weapons (D)
  A naga warrior (D)
  2 anacondas (shapeshifter) (D)
  2 two-headed ogres (shapeshifter) (D)
  A two-headed ogre (D)
  2 vampire magi (D)
  A death yak (D)
  2 orc high priests (D)
  3 hell hogs (D)
  3 demonic crawlers (D)
  9 soul eaters (D)
  2 deep elf knights (D)
  11 sun demons (D)
  A skyshark (D)
  2 pharaoh ants (D)
  4 sixfirhies (D)
  A skeletal warrior (D)
  A skyshark (shapeshifter) (D)
  A sun moth (D)
  A sea snake (shapeshifter) (D)
  5 death drakes (D)
  2 cherubim (D)
  A shadow demon (D)
  A glowing orange brain (D)
  A glowing orange brain (shapeshifter) (D)
  4 swamp dragons (D)
  2 steelbarb worms (shapeshifter) (D)
  3 orc knights (D)
  4 necromancers (D)
  A wolf spider (D)
  A faun (shapeshifter) (D)
  A cyclops (shapeshifter) (D)
  A large abomination (D)
  2 cyclopes (D)
  2 shining eyes (shapeshifter) (D)
  A manticore (shapeshifter) (D)
  4 orc sorcerers (D)
  4 moths of wrath (D)
  A faun (D)
  A merfolk siren (D)
  A shining eye (D)
  A rust devil (D)
  A torpor snail (shapeshifter) (D)
  A water nymph (D)
  A naga mage (D)
  4 smoke demons (D)
  5 slime creatures (D)
  A water nymph (shapeshifter) (D)
  3 black mambas (D)
  3 orange demons (D)
  4 torpor snails (D)
  A rime drake (shapeshifter) (D)
  10 cane toads (D)
  4 hellions (D)
  8 rime drakes (D)
  4 freezing wraiths (D)
  2 komodo dragons (D)
  6 yaktaurs (D)
  A guardian mummy (D)
  6 tormentors (D)
  4 ice devils (D)
  4 trolls (D)
  A red devil (D)
  5 merfolk (D)
  A queen bee (shapeshifter) (D)
  4 polar bears (D)
  A troll (shapeshifter) (D)
  A tarantella (shapeshifter) (D)
  6 hellwings (D)
  11 wind drakes (D)
  A tarantella (D)
  3 hornets (D)
  A glass eye (shapeshifter) (D)
  A blink frog (D)
  A snapping turtle (D)
  A jumping spider (shapeshifter) (D)
  A slime creature (shapeshifter) (D)
  A jumping spider (D)
  11 air elementals (D)
  A vampire (D)
  2 shadows (D)
  An ushabti (D)
  3 yaks (D)
  7 wyverns (D)
  3 ynoxinuls (D)
  8 golden eyes (D)
  A basilisk (shapeshifter) (D)
  A chaos spawn (D)
  2 redbacks (shapeshifter) (D)
  8 steam dragons (D)
  A naga (D)
  5 acid dragons (D)
  A naga (shapeshifter) (D)
  4 water moccasins (D)
  9 hell hounds (D)
  12 orc warriors (D)
  6 swamp drakes (D)
  An ice beast (D)
  7 ogres (D)
  4 centaurs (D)
  5 necrophages (D)
  4 bullfrogs (D)
  An earth elemental (D)
  A scorpion (shapeshifter) (D)
  3 wights (D)
  An orc priest (D)
  4 jellies (D)
  2 orc wizards (D)
  2 mummies (D)
  3 adders (D)
  A shadow imp (D)
  A white imp (D)
  3 ufetubi (D)
  An adder zombie (D)
  4 adder skeletons (D)
  4 ball pythons (D)
  2 bat skeletons (D)
  3 bat zombies (D)
  2 endoplasms (D)
  A ball python simulacrum (D)
  A ball python skeleton (D)
  3 ball python zombies (D)
  A giant cockroach zombie (D)
  3 quokka zombies (D)
  2 creeping infernos (D)
  10 fire vortices (D)
665 creatures vanquished.

Vanquished Creatures (collateral kills)
  An Orb Guardian (D)
  2 hell hogs (D)
  A sun demon (D)
  2 cane toads (D)
  A komodo dragon (D)
  A red devil (D)
  A guardian mummy (D)
  A merfolk (D)
  A wyvern (D)
11 creatures vanquished.

Vanquished Creatures (others)
  7 pandemonium lords (D)
  A seraph (D)
  2 profane servitors (D)
  2 Brimstone Fiends (D)
  3 Tzitzimimeh (D)
  3 hellephants (D)
  4 Ice Fiends (D)
  A Hell Sentinel (D)
  A lich (D)
  10 Orb Guardians (D)
  A searing wretch (D)
  2 demonspawn warmongers (D)
  A daeva (D)
  A balrug (D)
  An angel (D)
  A demonspawn blood saint (D)
  5 cacodemons (D)
  2 reapers (D)
  2 demonspawn corrupters (D)
  2 lorocyprocas (D)
  2 blizzard demons (D)
  3 green deaths (D)
  2 hell beasts (D)
  3 hell hogs (D)
  5 sun demons (D)
  3 soul eaters (D)
  5 sixfirhies (D)
  2 glowing orange brains (D)
  3 shadow demons (D)
  7 cherubim (D)
  4 large abominations (D)
  A toenail golem (D)
  2 rust devils (D)
  4 orange demons (D)
  2 smoke demons (D)
  A hellion (D)
  2 red devils (D)
  An efreet (D)
  4 ice devils (D)
  3 tormentors (D)
  7 hellwings (D)
  3 ynoxinuls (D)
  5 chaos spawn (D)
  2 neqoxecs (D)
  3 small abominations (D)
  A white imp (D)
132 creatures vanquished.

Grand Total: 808 creatures vanquished

Notes
Turn   | Place    | Note
-------+----------+-------------------------------------------
     0 | D        | BigDaddyOpFi the Hill Orc Fighter began the quest for the
                  | Orb.
     0 | D        | Reached XP level 1. HP: 19/19 MP: 1/1
     0 | D        | Found a shimmering blue altar of Sif Muna.
     0 | D        | Found a bloodstained altar of Trog.
     0 | D        | Found a sacrificial altar of Ru.
     0 | D        | Found a stormy altar of Qazlal.
     0 | D        | Found an iron altar of Okawaru.
     1 | D        | Found a sparkling altar of Nemelex Xobeh.
     1 | D        | Found a blossoming altar of Fedhas.
     1 | D        | Found the +6 Majin-Bo {spellvamp, MP+6 Int+6}
     1 | D        | Found the +27 heavy crossbow "Sniper" {heavy, Acc+∞ SInv}
     1 | D        | Found the +10 dark maul {heavy}
     1 | D        | Found the +15 Maxwell's patent armour {-Cast -Tele rElec
                  | Will+ rCorr}
     1 | D        | Found the +18 shield of the Gong {Loud rN+ Will+ rCorr
                  | EV-5}
     1 | D        | Found the +16 obsidian axe {drain, demonic, Mesm Drain Fly
                  | SInv}
     1 | D        | Found the +7 great mace "Firestarter" {flame, immolate,
                  | rFlCloud rF++}
     1 | D        | Found the +6 shillelagh "Devastator" {shatter}
     1 | D        | Found the +11 plutonium sword {Contam Stlth-}
     1 | D        | Found the +8 lance "Wyrmbane" {slay drac, rPois rF+ rC+
                  | AC+3}
     1 | D        | Found the +9 sword of Zonguldrok {reap}
     1 | D        | Found the +13 scythe of Curses {drain, curses, Drain}
     1 | D        | Found the +9 sword of Power {lifebolt}
     1 | D        | Found the +7 mace of Variability {chaos, chaos arc}
     1 | D        | Found the +11 Singing Sword {sonic wave}
     1 | D        | Found the +8 storm bow {elec, penet}
     3 | D        | Found a transporter.
     3 | D        | Found an ancient bone altar of Kikubaaqudgha.
     3 | D        | Found a viscous altar of Jiyva.
     3 | D        | Found a corrupted altar of Lugonu.
     3 | D        | Found a hazy altar of Hepliaklqana.
     3 | D        | Found a burning altar of Makhleb.
     3 | D        | Found an opulent altar of Gozag.
    51 | D        | Became a worshipper of Qazlal Stormbringer
    73 | D        | Reached skill level 5 in Fighting
    73 | D        | Reached skill level 5 in Axes
    73 | D        | Reached skill level 5 in Armour
    73 | D        | Reached skill level 5 in Shields
    73 | D        | Reached XP level 2. HP: 30/30 MP: 2/2
    81 | D        | Entered arena 2.
    81 | D        | Noticed a deep elf knight
    81 | D        | Noticed a troll
    81 | D        | Found a transporter.
    84 | D        | Killed a troll
    85 | D        | Reached XP level 3. HP: 39/39 MP: 2/7
    85 | D        | Reached XP level 4. HP: 47/47 MP: 2/8
    85 | D        | Reached XP level 5. HP: 52/52 MP: 2/9
    88 | D        | Killed a deep elf knight
    89 | D        | Reached skill level 10 in Invocations
    89 | D        | Reached XP level 6. HP: 58/63 MP: 2/13
    89 | D        | Reached XP level 7. HP: 65/70 MP: 2/14
   330 | D        | Entered arena 3.
   330 | D        | Noticed a rime drake
   330 | D        | Noticed a steam dragon
   330 | D        | Noticed a steam dragon
   330 | D        | Found a transporter.
   335 | D        | Killed a steam dragon
   335 | D        | Reached * piety under Qazlal
   335 | D        | Killed a steam dragon
   336 | D        | Reached XP level 8. HP: 64/78 MP: 14/16
   337 | D        | Killed a rime drake
   338 | D        | Reached skill level 10 in Axes
   338 | D        | Reached skill level 5 in Dodging
   471 | D        | Entered arena 4.
   471 | D        | Noticed a +0 scimitar of holy wrath
   471 | D        | Noticed a +2 trident of venom
   471 | D        | Noticed a deep elf knight
   471 | D        | Found a transporter.
   482 | D        | Killed a deep elf knight
   482 | D        | Reached ** piety under Qazlal
   483 | D        | Reached skill level 10 in Fighting
   483 | D        | Reached XP level 9. HP: 13/86 MP: 16/18
   485 | D        | Killed a +0 scimitar of holy wrath
   488 | D        | Killed a +2 trident of venom
   489 | D        | Reached skill level 10 in Armour
   489 | D        | Reached skill level 10 in Shields
   806 | D        | Entered arena 5.
   806 | D        | Found a transporter.
   808 | D        | Reached *** piety under Qazlal
   818 | D        | Entered arena 6.
   818 | D        | Found a transporter.
   820 | D        | Reached **** piety under Qazlal
   821 | D        | Reached ***** piety under Qazlal
   826 | D        | Entered arena 7.
   826 | D        | Noticed a troll
   826 | D        | Noticed a troll
   826 | D        | Noticed a two-headed ogre
   827 | D        | Found a transporter.
   831 | D        | Reached XP level 10. HP: 93/96 MP: 19/21
   833 | D        | Reached skill level 15 in Invocations
   834 | D        | Killed a two-headed ogre
   853 | D        | Entered arena 8.
   853 | D        | Noticed a cyclops
   853 | D        | Noticed a cyclops
   854 | D        | Found a transporter.
   860 | D        | Killed a cyclops
   862 | D        | Killed a cyclops
   862 | D        | Reached ****** piety under Qazlal
   878 | D        | Got the ring of Vyewninn {rC+ rN+ rCorr Dex+3}
   881 | D        | Got Alistair's Guidebook on Remoulded Poisoning
   887 | D        | Entered arena 9.
   887 | D        | Noticed a mummy priest
   888 | D        | Found a transporter.
   891 | D        | Killed a mummy priest
   892 | D        | Reached XP level 11. HP: 47/107 MP: 14/23
   907 | D        | Got the Precepts of Molten Accomplices
  1149 | D        | Entered arena 10.
  1150 | D        | Found a transporter.
  1436 | D        | Entered arena 11.
  1437 | D        | Found a transporter.
  1456 | D        | Got Ecvalac's Commentary on Topomancy and the Snake
  1495 | D        | Entered arena 12.
  1495 | D        | Found the ring of the Mage {Wiz Archmagi}
  1495 | D        | Noticed a faun
  1495 | D        | Noticed a merfolk impaler
  1495 | D        | Noticed a merfolk aquamancer
  1496 | D        | Noticed a merfolk impaler
  1496 | D        | Killed a faun
  1496 | D        | Killed a merfolk impaler
  1496 | D        | Killed a merfolk impaler
  1496 | D        | Killed a merfolk aquamancer
  1497 | D        | Reached skill level 15 in Axes
  1497 | D        | Reached XP level 12. HP: 118/118 MP: 16/25
  1497 | D        | Identified the ring "Wynops" {Fly rF+ Will+}
  1497 | D        | Noticed a merfolk aquamancer
  1498 | D        | Found a transporter.
  1500 | D        | Killed a merfolk aquamancer
  1696 | D        | Entered arena 13.
  1696 | D        | Noticed a naga warrior
  1696 | D        | Noticed a nagaraja
  1698 | D        | Killed a naga warrior
  1698 | D        | Killed a nagaraja
  1699 | D        | Reached skill level 15 in Fighting
  1699 | D        | Found a transporter.
  1855 | D        | Entered arena 14.
  1856 | D        | Noticed a vampire knight
  1856 | D        | Identified the ring of Inasanuo {AC+4 Dex+4}
  1858 | D        | Killed a vampire knight
  1859 | D        | Reached skill level 10 in Dodging
  1859 | D        | Found a transporter.
  2072 | D        | Entered arena 15.
  2073 | D        | Identified the ring "Kixu" {rF+ MP+9 Dex+2 Stlth+}
  2073 | D        | Noticed a vampire mage
  2073 | D        | Noticed a vampire knight
  2074 | D        | Noticed a vampire mage
  2075 | D        | Killed a vampire mage
  2075 | D        | Killed a vampire mage
  2081 | D        | Killed a vampire knight
  2086 | D        | Found a transporter.
  2179 | D        | Entered arena 16.
  2180 | D        | Noticed a frost giant
  2180 | D        | Noticed an ice dragon
  2182 | D        | Found a transporter.
  2183 | D        | Killed a frost giant
  2184 | D        | Reached XP level 13. HP: 130/130 MP: 18/28
  2190 | D        | Killed an ice dragon
  2191 | D        | Reached skill level 15 in Armour
  2191 | D        | Reached skill level 15 in Shields
  2462 | D        | Entered arena 17.
  2465 | D        | Found the +7 sceptre of Torment {pain, torment}
  2466 | D        | Found the +8 frozen axe "Frostbite" {freeze, freezing
                  | cloud, *Noise Fly rC+}
  2478 | D        | Found a transporter.
  2487 | D        | Entered arena 18.
  2490 | D        | Found the +3 pair of gauntlets of War {Slay+5}
  2499 | D        | Found a transporter.
  2524 | D        | Got the ring "Muashave" {Will+ Int+3 SInv}
  2597 | D        | Entered arena 19.
  2599 | D        | Noticed a rockslime
  2600 | D        | Noticed an azure jelly
  2600 | D        | Noticed a rockslime
  2601 | D        | Noticed an acid blob
  2601 | D        | Noticed an azure jelly
  2602 | D        | Killed an acid blob
  2602 | D        | Killed a rockslime
  2602 | D        | Killed a rockslime
  2602 | D        | Killed an azure jelly
  2602 | D        | Killed an azure jelly
  2602 | D        | Noticed a quicksilver ooze
  2603 | D        | Reached XP level 14. HP: 143/143 MP: 21/30
  2606 | D        | Killed a quicksilver ooze
  2607 | D        | Found a transporter.
  2771 | D        | Got the amulet "Yhoeh" {RegenMP +Blink Dex+2}
  2882 | D        | Entered arena 20.
  2886 | D        | Noticed a broodmother
  2887 | D        | Noticed a broodmother
  2888 | D        | Killed a broodmother
  2888 | D        | Killed a broodmother
  2893 | D        | Found a transporter.
  3080 | D        | Entered arena 21.
  3083 | D        | Noticed a green draconian
  3083 | D        | Noticed a white draconian
  3083 | D        | Noticed a white draconian
  3084 | D        | Noticed a purple draconian
  3084 | D        | Noticed a white draconian
  3084 | D        | Noticed a yellow draconian
  3084 | D        | Noticed a purple draconian
  3084 | D        | Noticed a black draconian
  3084 | D        | Noticed a green draconian
  3084 | D        | Noticed a red draconian scorcher
  3084 | D        | Noticed a green draconian monk
  3084 | D        | Noticed a green draconian
  3084 | D        | Noticed a green draconian
  3084 | D        | Noticed a purple draconian
  3084 | D        | Noticed a purple draconian shifter
  3084 | D        | Noticed a white draconian
  3084 | D        | Noticed a red draconian scorcher
  3085 | D        | Identified the ring "Sahat" {rF+ Dex+7 Slay+4}
  3085 | D        | Noticed a red draconian
  3085 | D        | Noticed a purple draconian shifter
  3085 | D        | Noticed a red draconian
  3085 | D        | Noticed a purple draconian
  3085 | D        | Found the -2 hat of the Alchemist {rElec rPois rF+ rC+ rN+
                  | Will+ rMut rCorr}
  3085 | D        | Noticed a black draconian
  3085 | D        | Noticed a purple draconian
  3085 | D        | Noticed a purple draconian
  3085 | D        | Noticed a black draconian
  3086 | D        | Killed a black draconian
  3086 | D        | Killed a white draconian
  3086 | D        | Killed a purple draconian
  3086 | D        | Killed a purple draconian shifter
  3086 | D        | Killed a green draconian
  3086 | D        | Killed a red draconian
  3086 | D        | Killed a red draconian scorcher
  3086 | D        | Killed a red draconian scorcher
  3086 | D        | Killed a yellow draconian
  3086 | D        | Killed a white draconian
  3086 | D        | Killed a green draconian
  3086 | D        | Killed a black draconian
  3086 | D        | Killed a purple draconian
  3086 | D        | Killed a purple draconian
  3086 | D        | Killed a green draconian
  3086 | D        | Killed a purple draconian
  3086 | D        | Killed a green draconian monk
  3086 | D        | Killed a purple draconian
  3086 | D        | Killed a black draconian
  3086 | D        | Killed a red draconian
  3087 | D        | Reached skill level 27 in Invocations
  3087 | D        | Reached XP level 15. HP: 135/157 MP: 23/32
  3087 | D        | Killed a purple draconian shifter
  3224 | D        | Found a transporter.
  3335 | D        | Entered arena 22.
  3338 | D        | Noticed a ghoul
  3338 | D        | Noticed a doom hound
  3339 | D        | Noticed a doom hound
  3339 | D        | Noticed a shadow dragon
  3339 | D        | Noticed a tainted leviathan
  3339 | D        | Noticed a tainted leviathan
  3339 | D        | Noticed a ghoul
  3339 | D        | Found the brooch of Shielding {Spirit SH+8}
  3340 | D        | Killed a doom hound
  3340 | D        | Killed a ghoul
  3340 | D        | Noticed a shadow dragon
  3341 | D        | Found the +3 greatsling "Punk" {acid, rCorr}
  3341 | D        | Found the +9 staff of Olgreb {rPois∞}
  3341 | D        | Noticed a ghoul
  3341 | D        | Noticed a ghoul
  3342 | D        | Killed a doom hound
  3342 | D        | Killed a ghoul
  3342 | D        | Killed a shadow dragon
  3342 | D        | Killed a shadow dragon
  3342 | D        | Killed a tainted leviathan
  3342 | D        | Killed a tainted leviathan
  3342 | D        | Noticed a shadow dragon
  3343 | D        | Reached skill level 15 in Dodging
  3344 | D        | Killed a shadow dragon
  3344 | D        | Killed a ghoul
  3346 | D        | Found a transporter.
  3353 | D        | Killed a ghoul
  3489 | D        | Entered arena 23.
  3494 | D        | Identified the +0 scimitar of Kicinn {heavy, rElec rPois
                  | MP-9}
  3494 | D        | Identified the +4 ring mail "Jownokh" {rElec MP+9 Dex+3}
  3495 | D        | Noticed a lich
  3495 | D        | Noticed a lich
  3495 | D        | Identified the +8 falchion "Omainlonimi" {venom, rPois rC-
                  | rN+++ Int-4}
  3495 | D        | Identified the +9 arbalest of Okawaru's Grace {flame, rC-
                  | rCorr Str+3}
  3495 | D        | Noticed a shadow dragon
  3495 | D        | Identified the +6 sling of Karma {drain, rC+ Str+4}
  3495 | D        | Noticed a lich
  3496 | D        | Noticed a lich
  3496 | D        | Killed a lich
  3496 | D        | Killed a lich
  3496 | D        | Killed a lich
  3496 | D        | Killed a lich
  3496 | D        | Noticed a shadow dragon
  3497 | D        | Reached XP level 16. HP: 173/173 MP: 24/33
  3497 | D        | Noticed an ancient lich
  3497 | D        | Identified the ring "Xuclakh" {rElec EV+5 Str+3 Dex-3 SInv}
  3498 | D        | Killed a shadow dragon
  3498 | D        | Killed a lich
  3498 | D        | Killed an ancient lich
  3498 | D        | Killed a shadow dragon
  3498 | D        | Killed a lich
  3500 | D        | Found a transporter.
  3500 | D        | Noticed a lich
  3506 | D        | Killed a lich
  3674 | D        | Entered arena 24.
  3680 | D        | Identified the +5 chain mail of Dishonour {Harm rN++ Int+2
                  | Dex-3}
  3680 | D        | Identified the +5 quarterstaff "Huekod" {heavy, Contam Fly
                  | rElec rF+++}
  3680 | D        | Identified the staff of Faste {Will+ Str+3 Earth}
  3682 | D        | Reached skill level 27 in Axes
  3686 | D        | Found a transporter.
  3808 | D        | Got the Exposition on Wanderlust and Outbursts
  3811 | D        | Entered arena 25.
  3817 | D        | Noticed a titan
  3817 | D        | a glowing shapeshifter changed into a rockslime
  3817 | D        | Noticed a rockslime (glowing shapeshifter)
  3817 | D        | Noticed a juggernaut
  3818 | D        | Noticed a rockslime
  3818 | D        | Noticed a rockslime
  3818 | D        | Noticed a titan
  3818 | D        | Noticed a golden dragon
  3818 | D        | a rockslime changed into a golden dragon
  3818 | D        | Noticed a golden dragon (glowing shapeshifter)
  3818 | D        | a titan changed into a juggernaut
  3818 | D        | Noticed a juggernaut (glowing shapeshifter)
  3819 | D        | Noticed a titan
  3819 | D        | Noticed a shadow dragon
  3819 | D        | Noticed a juggernaut
  3819 | D        | Found the +0 mask of the Dragon {Will+ Slay+3 SInv}
  3819 | D        | a rockslime changed into an iron giant
  3819 | D        | Noticed an iron giant (glowing shapeshifter)
  3819 | D        | a titan changed into a rockslime
  3819 | D        | Noticed a rockslime (glowing shapeshifter)
  3819 | D        | a rockslime changed into a juggernaut
  3819 | D        | Noticed a juggernaut (glowing shapeshifter)
  3819 | D        | a juggernaut changed into a caustic shrike
  3819 | D        | Noticed a caustic shrike (glowing shapeshifter)
  3819 | D        | Noticed a shard shrike
  3819 | D        | Noticed a juggernaut
  3820 | D        | Killed a titan
  3820 | D        | Killed a shard shrike
  3820 | D        | Killed a caustic shrike
  3820 | D        | Killed a golden dragon
  3820 | D        | Killed a golden dragon
  3820 | D        | an iron giant changed into a golden dragon
  3820 | D        | Noticed a golden dragon (glowing shapeshifter)
  3820 | D        | a golden dragon changed into an acid blob
  3820 | D        | Noticed an acid blob (glowing shapeshifter)
  3820 | D        | a shadow dragon changed into a quicksilver dragon
  3820 | D        | Noticed a quicksilver dragon (glowing shapeshifter)
  3820 | D        | a juggernaut changed into a shard shrike
  3820 | D        | Noticed a shard shrike (glowing shapeshifter)
  3820 | D        | a shard shrike changed into a rockslime
  3820 | D        | Noticed a rockslime (glowing shapeshifter)
  3820 | D        | a juggernaut changed into a titan
  3820 | D        | Noticed a titan (glowing shapeshifter)
  3820 | D        | Noticed a titan
  3821 | D        | Reached skill level 27 in Fighting
  3821 | D        | Reached XP level 17. HP: 191/191 MP: 25/34
  3821 | D        | Killed a juggernaut
  3821 | D        | Killed a titan
  3821 | D        | Killed a quicksilver dragon
  3821 | D        | Killed an acid blob
  3821 | D        | Killed a titan
  3824 | D        | a rockslime changed into a juggernaut
  3824 | D        | Noticed a juggernaut (glowing shapeshifter)
  3825 | D        | Found a transporter.
  3826 | D        | a juggernaut changed into a shard shrike
  3826 | D        | Noticed a shard shrike (glowing shapeshifter)
  3828 | D        | a shard shrike changed into a rockslime
  3833 | D        | a juggernaut changed into a shadow dragon
  3857 | D        | Got the ring of Teacem {Int+6 Stlth+}
  4115 | D        | Entered arena 26.
  4122 | D        | Noticed an electric golem
  4122 | D        | Noticed an electric golem
  4123 | D        | Noticed a titan
  4123 | D        | Noticed an electric golem
  4123 | D        | Noticed a titan
  4123 | D        | Noticed a titan
  4123 | D        | Noticed a titan
  4123 | D        | Noticed an electric golem
  4124 | D        | Killed a titan
  4124 | D        | Killed a titan
  4124 | D        | Killed a titan
  4124 | D        | Killed a titan
  4124 | D        | Killed an electric golem
  4124 | D        | Killed an electric golem
  4124 | D        | Killed an electric golem
  4124 | D        | Killed an electric golem
  4124 | D        | Noticed an electric golem
  4124 | D        | Noticed an electric golem
  4124 | D        | Noticed a titan
  4125 | D        | Reached skill level 27 in Armour
  4125 | D        | Reached skill level 27 in Shields
  4125 | D        | Noticed an electric golem
  4125 | D        | Noticed a titan
  4125 | D        | Noticed a titan
  4125 | D        | Noticed a titan
  4125 | D        | Noticed a titan
  4126 | D        | Noticed an electric golem
  4126 | D        | Found the macabre finger necklace {Finger+ rN+}
  4126 | D        | Found the +8 longbow "Zephyr" {speed, Dex+3 SInv}
  4126 | D        | Noticed an electric golem
  4127 | D        | Killed an electric golem
  4127 | D        | Killed a titan
  4127 | D        | Killed a titan
  4127 | D        | Killed an electric golem
  4127 | D        | Killed an electric golem
  4127 | D        | Killed a titan
  4127 | D        | Killed a titan
  4127 | D        | Killed a titan
  4127 | D        | Killed an electric golem
  4128 | D        | Reached XP level 18. HP: 104/200 MP: 19/35
  4129 | D        | Killed an electric golem
  4131 | D        | Found a transporter.
  4344 | D        | Entered arena 27.
  4352 | D        | Noticed a quicksilver dragon
  4353 | D        | Noticed a golden dragon
  4353 | D        | Noticed a quicksilver dragon
  4353 | D        | Noticed a quicksilver dragon
  4354 | D        | Noticed a golden dragon
  4354 | D        | Killed a quicksilver dragon
  4354 | D        | Killed a quicksilver dragon
  4355 | D        | Reached skill level 27 in Dodging
  4355 | D        | Reached skill level 15 in Evocations
  4355 | D        | Killed a quicksilver dragon
  4355 | D        | Killed a golden dragon
  4356 | D        | Found the +6 arbalest "Damnation" {damnation}
  4356 | D        | Noticed a golden dragon
  4357 | D        | Killed a golden dragon
  4357 | D        | Killed a golden dragon
  4358 | D        | Reached XP level 19. HP: 194/207 MP: 12/36
  4358 | D        | Found the +3 Elemental Staff {ele, rElec rF+ rC+ AC+3}
  4432 | D        | Found a transporter.
  4470 | D        | Got the Vademecum on the Mutagenic Throng
  4589 | D        | Entered arena 28.
  4596 | D        | Noticed a hellephant
  4597 | D        | Noticed a hellephant
  4597 | D        | Noticed a hellephant
  4598 | D        | Noticed a Brimstone Fiend
  4598 | D        | Noticed a Brimstone Fiend
  4598 | D        | Noticed a dread lich
  4598 | D        | Noticed a hellephant
  4598 | D        | Identified the +7 broad axe of the Eggplant {antimagic,
                  | rElec rF++ Int+3 Dex-5}
  4598 | D        | Noticed a hellephant
  4599 | D        | Killed a hellephant
  4599 | D        | Killed a Brimstone Fiend
  4599 | D        | Killed a dread lich
  4599 | D        | Killed a Brimstone Fiend
  4599 | D        | Killed a hellephant
  4599 | D        | Killed a hellephant
  4599 | D        | Killed a hellephant
  4599 | D        | Noticed a hellephant
  4600 | D        | Reached skill level 27 in Evocations
  4600 | D        | Noticed an ancient lich
  4600 | D        | Noticed a hellephant
  4600 | D        | Noticed a hellephant
  4600 | D        | Noticed a hellephant
  4600 | D        | Noticed a hellephant
  4600 | D        | Noticed a Brimstone Fiend
  4601 | D        | Killed a Brimstone Fiend
  4601 | D        | Killed an ancient lich
  4601 | D        | Killed a hellephant
  4601 | D        | Killed a hellephant
  4601 | D        | Killed a hellephant
  4601 | D        | Killed a hellephant
  4601 | D        | Killed a hellephant
  4601 | D        | Noticed a Brimstone Fiend
  4602 | D        | Killed a hellephant
  4602 | D        | Killed a hellephant
  4602 | D        | Killed a hellephant
  4603 | D        | Noticed a hellephant
  4604 | D        | Killed a Brimstone Fiend
  4604 | D        | Killed a hellephant
  4605 | D        | Reached XP level 20. HP: 188/216 MP: 5/37
  4605 | D        | Found the +9 scales of the Dragon King {rPois rF+ rC+
                  | Will+}
  4606 | D        | Found a transporter.
  4853 | D        | Got the ring "Usystaeg" {Fire rElec Int+3 Dex-5}
  4853 | D        | Got the Spellbook of Morality
  4870 | D        | Got the Orb of Zot
  5310 | D        | Noticed Fimi the pandemonium lord
  5316 | D        | Gained mutation: Your magical capacity is low. (-10% MP) [a
                  | cacodemon]
  5320 | D        | Killed Fimi the pandemonium lord
  5584 | D        | Noticed Vacoih the pandemonium lord
  5595 | D        | Killed Vacoih the pandemonium lord
  6356 | D        | Reached skill level 27 in Stealth
  6356 | D        | Reached skill level 1 in Spellcasting
  6394 | D        | Noticed a Brimstone Fiend
  6398 | D        | Killed a Brimstone Fiend
  6477 | D        | Reached skill level 5 in Spellcasting
  6684 | D        | Killed Qoxi the pandemonium lord
  6692 | D        | Killed a seraph
  6701 | D        | Killed a Brimstone Fiend
  6734 | D        | Noticed Waus the pandemonium lord
  6751 | D        | Killed Waus the pandemonium lord
  6759 | D        | Killed Ivunlehyma the pandemonium lord
  6779 | D        | Reached skill level 10 in Spellcasting
  7093 | D        | Killed a profane servitor
  7305 | D        | Killed a hellephant
  7723 | D        | Noticed Hutuik the pandemonium lord
  7735 | D        | Killed Hutuik the pandemonium lord
  7775 | D        | Reached skill level 15 in Spellcasting
  8553 | D        | Killed a Tzitzimitl
  8554 | D        | Killed Juthradd the pandemonium lord
  8620 | D        | Noticed Dirhow the pandemonium lord
  8632 | D        | Killed Dirhow the pandemonium lord
  8894 | D        | Noticed Xemeacug the pandemonium lord
  8915 | D        | Killed Xemeacug the pandemonium lord
  9105 | D        | Noticed Cik Dumumio the pandemonium lord
  9108 | D        | Noticed a golden dragon
  9115 | D        | Killed Cik Dumumio the pandemonium lord
  9484 | D        | Reached XP level 21. HP: 212/224 MP: 38/40
  9673 | D        | Noticed Koghy the pandemonium lord
  9680 | D        | Killed Koghy the pandemonium lord
  9719 | D        | Killed Ecesof the pandemonium lord
  9756 | D        | Killed Xeixta the pandemonium lord
 11185 | D        | Noticed Hefoclona the pandemonium lord
 11194 | D        | Killed Hefoclona the pandemonium lord
 11878 | D        | Killed Deotop the pandemonium lord
 11997 | D        | Killed a profane servitor
 12195 | D        | Killed Ohikkev the pandemonium lord
 12984 | D        | Reached skill level 27 in Spellcasting
 13129 | D        | Reached skill level 5 in Throwing
 13376 | D        | Reached skill level 10 in Throwing
 13495 | D        | Escaped with the Orb!

Illustrated notes

Levels and vault maps discovered:
D:        sprint_v [room_start, room_1, room_2, room_3, room_4, room_5, room_6,
          room_7, room_8, room_9, room_10, room_11, room_12, room_13, room_14,
          room_15, room_16, room_17, room_18, room_19, room_20, room_21,
          room_22, room_23, room_24, room_25, room_26, room_27]

Skill      XL: |  1  2  3  4  5  6  7  8  9 10 11 12 13 14 15 16 17 18 19 20 21 |
---------------+----------------------------------------------------------------+-----
Fighting       | 5 7 9 10 11 13 14 16 18 20 23 27 | 27.0
Axes           | 5 7 9 11 12 14 15 17 19 22 25 27 | 27.0
Armour         | 5 6 8 9 10 11 13 14 16 18 21 24 27 | 27.0
Shields        | 5 6 8 9 10 11 13 14 16 18 21 24 27 | 27.0
Dodging        | 2 4 5 6 8 9 10 12 14 16 19 26 27 | 27.0
Invocations    | 6 10 11 12 14 17 19 22 24 27 | 27.0
Evocations     | 21 27 | 27.0
Stealth        | 22 27 | 27.0
Spellcasting   | 19 27 | 27.0
Throwing       | 12 | 12.2

Action                     |  1- 3 |  4- 6 |  7- 9 | 10-12 | 13-15 | 16-18 | 19-21 || total
---------------------------+-------+-------+-------+-------+-------+-------+-------++-------
  Melee: Broad axe         |     2 |     4 |    16 |    37 |    51 |    25 |   414 ||   549
 Invoke: Disaster Area     |       |       |       |     6 |     8 |    14 |     5 ||    33
    Use: Potion            |     2 |       |     6 |       |       |       |       ||     8
         Scroll            |       |       |       |       |     2 |       |       ||     2
   Stab: Distracted        |       |       |       |     1 |     1 |       |     2 ||     4
         Petrified         |       |       |       |       |     4 |       |       ||     4
         Petrifying        |       |       |       |       |     1 |       |       ||     1
 Armour: Plate armour      |     1 |     2 |    41 |    29 |    18 |    14 |    59 ||   164
  Dodge: Dodged            |       |       |     3 |     8 |     1 |    13 |    61 ||    86
         Repelled          |       |       |       |     1 |     1 |       |     7 ||     9
  Block: Kite shield       |     5 |     1 |    49 |    96 |    84 |    47 |   430 ||   712
         Reflection        |       |       |       |     6 |     2 |     1 |       ||     9

Table legend: (Time is in decaauts) A = Elapsed time spent in this place. B = Non-inter-level travel time spent in this place. C = Inter-level travel time spent in this place. D = Time resting spent in this place. E = Time spent auto-exploring this place. F = Levels seen in this place. G = Mean time per level. A B C D E F G +--------+--------+--------+--------+--------+-----+--------+ Total | 13352 | 13352 | 0 | 11277 | 0 | 1 | 13352.0 | Dungeon | 13352 | 13352 | 0 | 11277 | 0 | 1 | 13352.0 | +--------+--------+--------+--------+--------+-----+--------+

Top non-repeatable levels by time:
       D: 13352 daAuts
